 Dungeon Crawl Stone Soup version 0.21.1-1-g345015f (webtiles) character file.

653 tidbits the Sneak (level 7, -2/51 HPs)
             Began as a Gnoll Enchanter on Mar 24, 2018.
             Slain by Grinder (9 damage)
             ... while paralysed by Grinder
             ... on level 5 of the Dungeon.
             The game lasted 00:14:35 (1517 turns).

tidbits the Sneak (Gnoll Enchanter)                 Turns: 1517, Time: 00:14:36

Health: -2/51      AC:  2    Str: 10    XL:     7   Next: 54%
Magic:  15/15      EV:  2    Int: 20    God:
Gold:   253        SH:  0    Dex: 15    Spells: 8/17 levels left

rFire    . . .     SeeInvis .   a - +1 dagger
rCold    . . .     Gourm    .   (no shield)
rNeg     + . .     Faith    .   b - +0 robe
rPois    .         Spirit   .   (no helmet)
rElec    .         Reflect  .   (no cloak)
rCorr    .         Harm     .   (no gloves)
MR       .....                  (no boots)
Stlth    +++.......             (no amulet)
HPRegen  0.17/turn              s - ring of positive energy
MPRegen  0.14/turn              (no ring)

@: paralysed
A: distributed training, fangs 1, strong nose
a: no special abilities


You were on level 5 of the Dungeon.
You were hungry.

You visited 1 branch of the dungeon, and saw 8 of its levels.

You collected 253 gold pieces.

Inventory:

Hand Weapons
 a - a +1 dagger (weapon)
 l - a +0 hunting sling
Missiles
 h - a throwing net (quivered) {!f}
 m - 54 stones
 t - 6 curare-tipped needles
Armour
 b - a +0 robe (worn)
 g - a +0 ring mail
Jewellery
 j - an uncursed ring of fire
   (You found it on level 2 of the Dungeon)
 s - a ring of positive energy (left hand)
   (You found it on level 7 of the Dungeon)
Scrolls
 e - a scroll of amnesia {unknown}
 f - 4 scrolls of remove curse {unknown}
 i - a scroll of teleportation {unknown}
 k - 4 scrolls of enchant armour {unknown}
 n - 3 scrolls of identify {unknown}
 u - a scroll of fear {unknown}
 v - a scroll of fog {unknown}
Potions
 o - a potion of cancellation {unknown}
 q - a potion of invisibility {unknown}
 r - 2 potions of curing {unknown}
 w - a potion of might {unknown}
 x - 2 potions of lignification {unknown}
 z - a potion of agility {unknown}
Books
 c - a book of Maledictions

   Spells                             Type                      Level
   a - Corona                         Hexes                        1
   b - Ensorcelled Hibernation        Hexes/Ice                    2
   c - Confuse                        Hexes                        3
   d - Tukima's Dance                 Hexes                        3
   e - Dazzling Spray                 Conjuration/Hexes            3
 p - a book of Changes
   (You found it on level 6 of the Dungeon)

   Spells                             Type                      Level
   a - Beastly Appendage              Transmutation                1
   b - Sticks to Snakes               Transmutation                2
   c - Spider Form                    Transmutation/Poison         3
   d - Ice Form                       Ice/Transmutation            4
   e - Blade Hands                    Transmutation                5
Comestibles
 d - 9 rations


   Skills:
 + Level 2.5 Fighting
 + Level 3.6 Short Blades
 + Level 2.5 Long Blades
 + Level 2.5 Axes
 + Level 2.5 Maces & Flails
 + Level 2.5 Polearms
 + Level 2.5 Staves
 + Level 2.5 Slings
 + Level 2.5 Bows
 + Level 2.5 Crossbows
 + Level 2.5 Throwing
 + Level 2.5 Armour
 + Level 5.2 Dodging
 + Level 6.5 Stealth
 + Level 2.5 Shields
 + Level 2.5 Unarmed Combat
 + Level 5.6 Spellcasting
 + Level 2.0 Conjurations
 + Level 5.8 Hexes
 + Level 2.0 Charms
 + Level 2.0 Summonings
 + Level 2.0 Necromancy
 + Level 2.0 Translocations
 + Level 2.0 Transmutations
 + Level 2.0 Fire Magic
 + Level 2.0 Ice Magic
 + Level 2.0 Air Magic
 + Level 2.0 Earth Magic
 + Level 2.0 Poison Magic
 + Level 2.8 Invocations
 + Level 2.5 Evocations


You had 8 spell levels left.
You knew the following spells:

 Your Spells              Type           Power        Failure   Level  Hunger
a - Corona                Hex            ####...      1%          1    None
c - Confuse               Hex            ####....     3%          3    ##.....
d - Dazzling Spray        Conj/Hex       ###...       6%          3    ##.....
e - Ensorcelled Hibernat  Hex/Ice        ###...       3%          2    None


Dungeon Overview and Level Annotations

Branches:
Dungeon (8/15)
 Temple: D:4-7         Lair: D:8-11

Altars:
Dithmenos
Qazlal

Portals:
Ossuary: D:5

Annotations:
D:5 Eustachio, Grinder
D:6 Blork the orc


Innate Abilities, Weirdness & Mutations

Your experience applies equally to all skills.
You have very sharp teeth.
Your uncanny sense of smell can sniff out nearby items.


Message History

You impale the gnoll!!
You kill the gnoll!
Things that are here:
a spear; a short sword
Found a cyan potion and a scroll labeled IHONOTHATAF.
You are feeling hungry.
You see here a cyan potion.
w - a cyan potion An orc comes into view.
It is wielding a flail.
You see here a scroll labeled IHONOTHATAF.
n - 2 scrolls labeled IHONOTHATAF (gained 1)
The orc shouts!
The orc hits you with a flail.
Found a stone staircase leading up.
Casting: Ensorcelled Hibernation
Confirm with . or Enter, or press ? or * to list all spells.
Aiming: Ensorcelled Hibernation
Press: ? - help, Shift-Dir - straight line, f - orc
Aim: an orc, wielding a flail and wearing a chain mail (chance to defeat MR: 68%)
The orc looks drowsy...
The helpless orc fails to defend itself.
You impale the orc!!
You kill the orc!
Things that are here:
a flail; a chain mail; an orc corpse
Found a scroll labeled IHONOTHATAF.
You see here a scroll labeled IHONOTHATAF.
n - 3 scrolls labeled IHONOTHATAF (gained 1)
Found 2 fuming grey potions.
You see here 2 fuming grey potions.
x - 2 fuming grey potions
There is a stone staircase leading up here.
You climb upwards.
You hear the hiss of flowing sand.
There is an entrance to an ossuary on this level.
Hurry and find it before the portal is buried!
Level annotation: Eustachio, Grinder You hear the quick hiss of a very distant avalanche of sand.
The adder hisses angrily.
Found 9 gold pieces, a viscous orange potion and 33 stones.
There is a stone staircase leading down here.
Unknown command.
The adder bites you.
You are poisoned.
The adder poisons you!
Casting: Ensorcelled Hibernation
Confirm with . or Enter, or press ? or * to list all spells.
Aiming: Ensorcelled Hibernation
Press: ? - help, Shift-Dir - straight line, f - adder
Aim: an adder (chance to defeat MR: 60%)
The adder looks drowsy...
You feel sick.
The helpless adder fails to defend itself.
You impale the adder!!
You kill the adder!
You see here a viscous orange potion.
z - a viscous orange potion You feel sick.
Found a ration.
You feel sick.
Found a robe.
Unknown command.
You feel sick.
You are no longer poisoned.
You see here a ration.
d - 9 rations (gained 1)
Found 15 gold pieces.
Found a ration.
An iguana comes into view.
You see here 15 gold pieces.
You now have 253 gold pieces (gained 15).
The helpless iguana fails to defend itself.
You impale the iguana!!
You kill the iguana!
You hear the quick hiss of an avalanche of sand.
Unknown command.
The orc wizard shouts!
The orc shouts!
The orc priest shouts!
The orc priest mumbles some strange prayers to Beogh against you.
Beogh smites you!
You see here 10 gold pieces.
Unknown command.
The orc wizard gestures at you while chanting.
The puff of flame hits you!
The orc priest mumbles some strange prayers to Beogh against you.
Beogh smites you!
* * * LOW HITPOINT WARNING * * *
You hear a shout!
The orc wizard gestures at you while chanting.
The magic dart hits you!
* * * LOW HITPOINT WARNING * * *
A quokka zombie comes into view.
Grinder gestures at you.
You suddenly lose the ability to move!
Grinder gestures at you. Pain shoots through your body!
* * * LOW HITPOINT WARNING * * *
Grinder gestures at you. Pain shoots through your body!
* * * LOW HITPOINT WARNING * * *
Grinder says, "DUCK!"
Grinder hits you!
You die...

#.####.......#
#.##.........##
#.##..........#
########..#..[.......#
#.......Z.#..........#
##.#####.#............#
#..o.....#............#
#.######o#...>........#
#.# #@#...........##
#.#..###5#....###...##
###### #.#∩.......####
####
.....####o#.5###...###
..........# #.....#
#########o######.....##
#.....o$......#
###...........#
##........#..


You could see Grinder, an orc and a quokka zombie (wandering).

Vanquished Creatures
  A sky beast (D:6)
  An ogre (D:6)
  A necrophage (D:6)
  2 bullfrogs
  A wight (D:7)
  An iguana (D:5)
  A worker ant (D:6)
  A hound skeleton (D:4)
  4 gnolls (D:6)
  4 adders
  A shadow imp (D:6)
  An adder skeleton (D:5)
  A dart slug (D:2)
  3 leopard geckos
  2 orcs
  2 giant cockroaches
  6 goblins
  8 hobgoblins
  12 jackals
  3 kobolds (D:3)
  A quokka (D:7)
  5 bats (D:1)
  2 frilled lizards
  A jackal skeleton (D:6)
  2 leopard gecko skeletons (D:4)
  5 rats
72 creatures vanquished.

Notes
Turn   | Place    | Note
-------+----------+-------------------------------------------
     0 | D:1      | tidbits the Gnoll Enchanter began the quest for the Orb.
     0 | D:1      | Reached XP level 1. HP: 13/13 MP: 6/6
   138 | D:1      | Reached XP level 2. HP: 12/19 MP: 5/7
   142 | D:1      | Learned a level 2 spell: Ensorcelled Hibernation
   391 | D:2      | Reached XP level 3. HP: 15/25 MP: 9/9
   396 | D:2      | Learned a level 3 spell: Confuse
   400 | D:2      | Learned a level 3 spell: Dazzling Spray
   449 | D:2      | Reached skill level 5 in Spellcasting
   517 | D:3      | Found a stormy altar of Qazlal.
   517 | D:3      | Noticed an earth elemental
   518 | D:3      | Noticed a water elemental
   518 | D:3      | Noticed a fire elemental
   518 | D:3      | Noticed an air elemental
   558 | D:3      | Reached skill level 6 in Stealth
   558 | D:3      | Reached skill level 1 in Invocations
   650 | D:3      | Reached skill level 1 in Fighting
   650 | D:3      | Reached skill level 1 in Long Blades
   650 | D:3      | Reached skill level 1 in Axes
   650 | D:3      | Reached skill level 1 in Maces & Flails
   650 | D:3      | Reached skill level 1 in Polearms
   650 | D:3      | Reached skill level 1 in Staves
   650 | D:3      | Reached skill level 1 in Slings
   650 | D:3      | Reached skill level 1 in Bows
   650 | D:3      | Reached skill level 1 in Crossbows
   650 | D:3      | Reached skill level 1 in Throwing
   650 | D:3      | Reached skill level 1 in Armour
   650 | D:3      | Reached skill level 1 in Shields
   650 | D:3      | Reached skill level 1 in Unarmed Combat
   650 | D:3      | Reached skill level 1 in Evocations
   673 | D:3      | Reached XP level 4. HP: 16/32 MP: 0/11
   964 | D:4      | Reached skill level 1 in Conjurations
   964 | D:4      | Reached skill level 1 in Charms
   964 | D:4      | Reached skill level 1 in Summonings
   964 | D:4      | Reached skill level 1 in Necromancy
   964 | D:4      | Reached skill level 1 in Translocations
   964 | D:4      | Reached skill level 1 in Transmutations
   964 | D:4      | Reached skill level 1 in Fire Magic
   964 | D:4      | Reached skill level 1 in Ice Magic
   964 | D:4      | Reached skill level 1 in Air Magic
   964 | D:4      | Reached skill level 1 in Earth Magic
   964 | D:4      | Reached skill level 1 in Poison Magic
   973 | D:5      | Entered Level 5 of the Dungeon
   973 | D:5      | Noticed Eustachio
  1029 | D:6      | Noticed an ogre
  1042 | D:6      | Killed an ogre
  1042 | D:6      | Reached skill level 3 in Short Blades
  1042 | D:6      | Reached XP level 5. HP: 19/37 MP: 1/12
  1043 | D:6      | Noticed a necrophage
  1052 | D:5      | Found a sand-covered staircase.
  1052 | D:5      | Noticed Grinder
  1090 | D:6      | Killed a necrophage
  1090 | D:6      | Reached skill level 2 in Invocations
  1090 | D:6      | Reached XP level 6. HP: 29/44 MP: 9/14
  1098 | D:6      | Found a shadowy altar of Dithmenos.
  1102 | D:6      | Reached skill level 2 in Fighting
  1102 | D:6      | Reached skill level 2 in Long Blades
  1102 | D:6      | Reached skill level 2 in Axes
  1102 | D:6      | Reached skill level 2 in Maces & Flails
  1102 | D:6      | Reached skill level 2 in Polearms
  1102 | D:6      | Reached skill level 2 in Staves
  1102 | D:6      | Reached skill level 2 in Slings
  1102 | D:6      | Reached skill level 2 in Bows
  1102 | D:6      | Reached skill level 2 in Crossbows
  1102 | D:6      | Reached skill level 2 in Throwing
  1102 | D:6      | Reached skill level 2 in Armour
  1102 | D:6      | Reached skill level 5 in Dodging
  1102 | D:6      | Reached skill level 2 in Shields
  1102 | D:6      | Reached skill level 2 in Unarmed Combat
  1102 | D:6      | Reached skill level 2 in Evocations
  1166 | D:6      | Noticed Blork the orc
  1169 | D:6      | Noticed an orc warrior
  1196 | D:7      | Reached XP level 7. HP: 46/50 MP: 0/15
  1356 | D:6      | Reached skill level 2 in Conjurations
  1356 | D:6      | Reached skill level 2 in Charms
  1356 | D:6      | Reached skill level 2 in Summonings
  1356 | D:6      | Reached skill level 2 in Necromancy
  1356 | D:6      | Reached skill level 2 in Translocations
  1356 | D:6      | Reached skill level 2 in Transmutations
  1356 | D:6      | Reached skill level 2 in Fire Magic
  1356 | D:6      | Reached skill level 2 in Ice Magic
  1356 | D:6      | Reached skill level 2 in Air Magic
  1356 | D:6      | Reached skill level 2 in Earth Magic
  1356 | D:6      | Reached skill level 2 in Poison Magic
  1513 | D:5      | Paralysed by Grinder for 6 turns
  1517 | D:5      | Slain by Grinder

Skill      XL: |  1  2  3  4  5  6  7 |
---------------+----------------------+-----
Spellcasting   | 5 |  5.6
Stealth        | 6 |  6.5
Invocations    | 1 2 |  2.8
Fighting       | 1 2 |  2.5
Long Blades    | 1 2 |  2.5
Axes           | 1 2 |  2.5
Maces & Flails | 1 2 |  2.5
Polearms       | 1 2 |  2.5
Staves         | 1 2 |  2.5
Slings         | 1 2 |  2.5
Bows           | 1 2 |  2.5
Crossbows      | 1 2 |  2.5
Throwing       | 1 2 |  2.5
Armour         | 1 2 |  2.5
Shields        | 1 2 |  2.5
Unarmed Combat | 1 2 |  2.5
Evocations     | 1 2 |  2.5
Conjurations   | 1 2 |  2.0
Charms         | 1 2 |  2.0
Summonings     | 1 2 |  2.0
Necromancy     | 1 2 |  2.0
Translocations | 1 2 |  2.0
Transmutations | 1 2 |  2.0
Fire Magic     | 1 2 |  2.0
Ice Magic      | 1 2 |  2.0
Air Magic      | 1 2 |  2.0
Earth Magic    | 1 2 |  2.0
Poison Magic   | 1 2 |  2.0
Short Blades   | 3 |  3.6
Dodging        | 5 |  5.2
Hexes          | |  5.8

Action                   |  1- 3 |  4- 6 |  7- 9 || total
-------------------------+-------+-------+-------++-------
Melee: Dagger            |   101 |    90 |    12 ||   203
       Bite              |     8 |     5 |       ||    13
 Cast: Corona            |    10 |     6 |       ||    16
       Ensorcelled Hiber |    20 |    18 |     8 ||    46
       Confuse           |     1 |     4 |     1 ||     6
  Use: Potion            |     1 |       |       ||     1
 Stab: Sleeping          |    23 |    14 |     9 ||    46
       Confused          |       |     2 |       ||     2
  Eat: Chunk             |       |     1 |     1 ||     2
Armor: Robe              |     4 |    10 |     1 ||    15
Dodge: Dodged            |    70 |    74 |     5 ||   149

Table legend:
 A = Turns spent in this place as a percentage of turns spent in the entire game.
 B = Non-inter-level travel turns spent in this place as a percentage of non-inter-level travel turns spent in the entire game.
 C = Inter-level travel turns spent in this place as a percentage of turns spent in this place.
 D = Turns resting spent in this place as a percentage of non-inter-level travel turns spent in this place.
 E = Turns spent auto-exploring this place as a percentage of non-inter-level travel turns spent in this place.
 F = Non-inter-level travel turns spent in this place divided by the number of levels of this place that you've seen.
                   A       B       C       D       E      F
               +-------+-------+-------+-------+-------+----------------------
         Total | 100.0 | 100.0 |   0.0 |   0.0 |   0.0 | 189.6
       Dungeon | 100.0 | 100.0 |   0.0 |   0.0 |   0.0 | 189.6
               +-------+-------+-------+-------+-------+----------------------

Table legend:
 A = Kills in this place as a percentage of kills in entire the game.
 B = Kills by you in this place as a percentage of kills by you in the entire game.
 C = Kills by friends in this place as a percentage of kills by friends in the entire game.
 D = Other kills in this place as a percentage of other kills in the entire game.
 E = Experience gained in this place as a percentage of experience gained in the entire game.
 F = Experience gained in this place divided by the number of levels of this place that you have seen.
                   A       B       C       D       E      F
               +-------+-------+-------+-------+-------+----------------------
         Total | 100.0 | 100.0 |   N/A |   N/A | 100.0 | 116.6
       Dungeon | 100.0 | 100.0 |   N/A |   N/A | 100.0 | 116.6
               +-------+-------+-------+-------+-------+----------------------

Vault maps used:
D:1:      wheals_arrival_shading
D:2:      old_standard_altar, lemuel_round_altar, corner_web_ring
D:3:      nicolae_qazlal_style_of_elements, first_ration, serial_park_tiny_1
D:4:      minmay_temple_entry_nine_rooms
D:5:      bloody_trog, enter_ossuary_4, uniq_grinder, uniq_eustachio
D:6:      old_standard_altar, sword_in_stone, uniq_edmund
D:7:      lightli_temple_of_fire, uniq_duvessa
D:8:      hangedman_little_slice_of_home, hangedman_decor_riveting
